 Dungeon Crawl Stone Soup version 0.29.1-12-g30fa7ad0bf (webtiles) character file.

Game seed: 9644516211535913258

30955 wormed the Severer (level 13, 0/178 HPs)
             Began as a Minotaur Berserker on Dec 20, 2022.
             Was a High Priest of Trog.
             Slain by an 11-headed hydra (8 damage)
             ... on level 1 of the Lair of Beasts.
             The game lasted 00:45:48 (14839 turns).

wormed the Severer (Minotaur Berserker)            Turns: 14839, Time: 00:45:48

Health: 0/178      AC: 26    Str: 27    XL:     13   Next: 23%
Magic:  0/12       EV:  2    Int:  4    God:    Trog [*****.]
Gold:   692        SH:  0    Dex: 16    Spells: 12/12 levels left

rFire   . . .      SeeInvis .   (no weapon)
rCold   + . .      Faith    .   r - +0 buckler
rNeg    . . .      Spirit   +   (body armour currently unavailable)
rPois   +          Reflect  .   (helmet currently unavailable)
rElec   .          Harm     .   (cloak currently unavailable)
rCorr   .          Rampage  .   (gloves currently unavailable)
Will    .....      NoTele   +   (boots currently unavailable)
Stlth   +.........              H - amulet of guardian spirit
HPRegen 0.39/turn               B - ring of protection from cold
MPRegen 0.13/turn               k - +6 ring of dexterity

@: confused, tree-form, ambrosia-drunk, on berserk cooldown, slowed, invisible,
very slow
A: stationary, stasis, torment immunity, boosted hp, (horns 2), (retaliatory
headbutt)
a: Renounce Religion, Berserk, Trog's Hand, Brothers in Arms


You were on level 1 of the Lair of Beasts.
You worshipped Trog.
Trog was extremely pleased with you.
You were a tree.
You visited 3 branches of the dungeon, and saw 16 of its levels.
You also visited: Sewer.

You collected 896 gold pieces.
You spent 204 gold pieces at shops.

Inventory:

Hand Weapons
 J - a +4 vorpal broad axe
Missiles
 F - 2 throwing nets (quivered)
Armour
 d - a +0 plate armour (melded)
 j - the +3 pair of boots of Gozag's Inspiration (melded) {Str+2 Dex+4}
   (You acquired it on level 5 of the Dungeon)

   Str:       It affects your strength (+2).
   Dex:       It affects your dexterity (+4).
 p - a +0 cloak (melded)
 r - a +0 buckler (worn)
 u - a +1 pair of gloves (melded)
 v - a +0 tower shield
Jewellery
 k - a +6 ring of dexterity (right branch)
 y - the ring of Sodoabio {Fire rN+ Dex+6}
   (You found it on level 13 of the Dungeon)

   [ring of fire]

   It enhances your fire magic.
   Dex:       It affects your dexterity (+6).
   rF:        It protects you from fire.
   rC:        It makes you vulnerable to cold.
   rN:        It protects you from negative energy.
 B - a ring of protection from cold (left branch)
 H - an amulet of guardian spirit (around neck)
Wands
 m - a wand of flame (55)
 x - a wand of mindburst (9)
 C - a wand of roots (24)
 I - a wand of charming (8)
Scrolls
 b - a scroll of vulnerability
 c - 4 scrolls of identify
 g - 5 scrolls of fear
 i - 8 scrolls of teleportation
 t - 4 scrolls of fog
 z - 3 scrolls of poison
 A - 2 scrolls of summoning
 D - a scroll of blinking
 G - a scroll of brand weapon
Potions
 a - 2 potions of lignification
 e - 5 potions of flight
 f - 3 potions of heal wounds
 h - a potion of invisibility
 l - 5 potions of brilliance
 n - 3 potions of curing
 o - a potion of might
 q - 2 potions of resistance
 s - 3 potions of attraction
 E - a potion of magic


   Skills:
 + Level 12.8 Fighting
 * Level 17.2 Axes
 + Level 12.5 Armour
 - Level 2.1 Dodging
 + Level 12.1 Shields


You had 12 spell levels left.
You didn't know any spells.
Your spell library was empty.

Dungeon Overview and Level Annotations

Branches:
Dungeon (14/15)            Temple (0/1) D:5            Lair (1/5) D:11
    Orc (1/2) D:11         Vaults (0/5) D:13          Sewer (visited)

Altars:
Ashenzari
Cheibriados
Elyvilon
Gozag
Qazlal
Uskayaw
Vehumet
Xom

Shops:
D:1 (   D:6 [   D:13 *


Innate Abilities, Weirdness & Mutations

You are a tree.
Your roots penetrate the ground, keeping you stationary.
You cannot be teleported.
You are immune to unholy pain and torment.
Your maximum health is greatly increased.
Your equipment is partially melded.
((You have a pair of horns on your head.))
((You reflexively headbutt those who attack you in melee.))


Message History

The 11-headed hydra bites you but does no damage. x2
You block the 11-headed hydra's attack.
The 11-headed hydra bites you but does no damage.
The 11-headed hydra bites you.
* * * LOW HITPOINT WARNING * * *
The 11-headed hydra bites you but does no damage.
The 11-headed hydra barely misses you. The 11-headed hydra bites you!
* * * LOW HITPOINT WARNING * * *
The 11-headed hydra bites you but does no damage. x5
As you read the scroll of fear, it crumbles to dust.
You assume a fearsome visage.
The 11-headed hydra resists with some effort.
You block the 11-headed hydra's attack.
The 11-headed hydra bites you but does no damage.
You block the 11-headed hydra's attack.
The 11-headed hydra barely misses you. x2
The 11-headed hydra bites you.
* * * LOW HITPOINT WARNING * * *
The 11-headed hydra bites you but does no damage. x2
The 11-headed hydra bites you!
* * * LOW HITPOINT WARNING * * *
The 11-headed hydra bites you but does no damage. x2
You cannot teleport because you are held in place by your roots.
You are confused.
You feel invigorated.
The 11-headed hydra bites you but does no damage.
The 11-headed hydra bites you!
* * * LOW HITPOINT WARNING * * *
The 11-headed hydra bites you but does no damage. x3
The 11-headed hydra bites you.
* * * LOW HITPOINT WARNING * * *
The 11-headed hydra bites you but does no damage. x4
The 11-headed hydra bites you.
* * * LOW HITPOINT WARNING * * *
The 11-headed hydra bites you but does no damage. x3
The 11-headed hydra bites you.
* * * LOW HITPOINT WARNING * * *
The 11-headed hydra bites you.
* * * LOW HITPOINT WARNING * * *
The 11-headed hydra bites you!
You die...

#...........~~≈≈~.~~≈~
#............~≈~.>.~≈~..
#............~~~~..~≈≈~..#
#............~~≈~~~~≈~...#
#.............≈≈≈≈~≈≈....####
.............~.~≈~~~.~....#.##
#...............~~............
#.............................
..............D♣.............
#.............................
#.....#######.######......##
#....# ### ###....# #....##
### ##.....##
#.....#####.########.#.....#.#
#..................)..........
#.............................
..............................


You could see a 11-headed hydra (unable to see you).

Vanquished Creatures
  Gastronok (D:12)
  An iron dragon (D:13)
  The ghost of gdog the Covert, a journeyman GnDe of Gozag (D:13)
  A yaktaur captain (D:13)
  2 hydras
  8 vault guards (D:13)
  2 boulder beetles (D:13)
  Erica (D:8)
  4 centaur warriors
  A two-headed ogre (D:10)
  The ghost of kingsuperguy the Carver, a novice MiBe of Trog (D:7)
  Nergalle (Lair:1)
  The ghost of trigross the Chopper, a novice HOFi of Beogh (D:7)
  Pikel (D:6)
  An ugly thing (D:8)
  3 cyclopes
  Maurice (D:8)
  A gargoyle (D:13)
  An unseen horror (D:11)
  A cane toad (Lair:1)
  Maggie (Lair:1)
  3 komodo dragons
  A kobold demonologist (D:12)
  3 trolls
  3 meliai (D:13)
  2 hornets
  Grinder (D:3)
  Sigmund (D:2)
  A shadow (D:10)
  2 wraiths
  18 yaks
  Eustachio (D:6)
  A basilisk (Lair:1)
  A steam dragon (D:10)
  4 vampire mosquitoes
  3 water moccasins
  A sky beast (D:7)
  2 orc warriors
  An ogre (D:6)
  2 black bears
  4 lemures
  15 centaurs
  6 bullfrogs
  7 kobold brigands
  3 scorpions (D:6)
  2 gnoll sergeants (D:9)
  A necrophage (D:2)
  8 wights
  6 killer bees (D:11)
  3 howler monkeys
  2 quasits (D:7)
  2 hounds (D:4)
  3 jellies
  Crazy Yiuf (D:3)
  5 orc priests
  Ijyb (D:3)
  4 iguanas
  9 orc wizards
  6 gnolls (D:9)
  4 adders
  5 river rats
  6 shadow imps
  4 white imps
  3 ufetubi
  7 worms
  2 dart slugs
  32 orcs
  14 endoplasms
  2 giant cockroaches (D:2)
  9 hobgoblins
  2 jackals (D:5)
  21 kobolds
  3 quokkas
  12 ball pythons
  4 bats
  8 frilled lizards
  7 goblins
  10 rats
329 creatures vanquished.

Vanquished Creatures (others)
  A quokka (D:10)
  A demonic plant (D:7)
  9 plants
11 creatures vanquished.

Grand Total: 340 creatures vanquished

Notes
Turn   | Place    | Note
-------+----------+-------------------------------------------
     0 | D:1      | wormed the Minotaur Berserker began the quest for the Orb.
     0 | D:1      | Reached XP level 1. HP: 19/19 MP: 0/0
   253 | D:1      | Reached skill level 4 in Axes
   253 | D:1      | Reached XP level 2. HP: 27/27 MP: 1/1
   499 | D:1      | Reached skill level 1 in Shields
   593 | D:1      | Found Hup Liteu's Antique Weapon Boutique.
   635 | D:1      | Found a faded altar of an unknown god.
   852 | D:2      | Reached ** piety under Trog
   853 | D:2      | Reached XP level 3. HP: 33/33 MP: 2/2
   866 | D:2      | Noticed Sigmund
   885 | D:2      | Killed Sigmund
   886 | D:2      | Reached skill level 5 in Axes
   886 | D:2      | Reached XP level 4. HP: 41/41 MP: 3/3
   886 | D:2      | Reached XP level 5. HP: 47/47 MP: 4/4
  1659 | D:3      | Noticed Ijyb
  1659 | D:3      | Noticed Grinder
  1661 | D:3      | Identified the +4 whip "Ketwe" {vorpal, SInv}
  1669 | D:3      | Killed Ijyb
  1670 | D:3      | Reached XP level 6. HP: 50/55 MP: 5/5
  1674 | D:3      | Killed Grinder
  1675 | D:3      | Reached skill level 5 in Fighting
  1675 | D:3      | Reached skill level 6 in Axes
  1903 | D:3      | Found a runed translucent door.
  1904 | D:3      | Noticed Crazy Yiuf
  1928 | D:3      | Killed Crazy Yiuf
  1982 | D:3      | Reached XP level 7. HP: 54/61 MP: 6/6
  2005 | D:3      | Found a radiant altar of Vehumet.
  2551 | D:4      | Reached skill level 7 in Axes
  2680 | D:4      | Reached skill level 5 in Armour
  2787 | D:4      | Found a snail-covered altar of Cheibriados.
  2934 | D:4      | Found a glowing drain.
  2938 | Sewer    | Entered a sewer
  3074 | Sewer    | Reached *** piety under Trog
  3202 | Sewer    | Reached XP level 8. HP: 66/70 MP: 7/7
  3314 | Sewer    | Reached skill level 8 in Axes
  3580 | Sewer    | Reached skill level 5 in Shields
  3812 | D:5      | Entered Level 5 of the Dungeon
  3932 | D:5      | Found an opulent altar of Gozag.
  4021 | D:5      | Found a staircase to the Ecumenical Temple.
  4969 | D:5      | Identified a scroll of acquirement
  4969 | D:5      | Acquired the +3 pair of boots of Gozag's Inspiration {Str+2
                  | Dex+4}
  5018 | D:6      | Found Odghabucro's Armour Shoppe.
  5028 | D:6      | Noticed Pikel
  5090 | D:6      | Killed Pikel
  5091 | D:6      | Reached skill level 9 in Axes
  5307 | D:6      | Reached XP level 9. HP: 79/79 MP: 8/8
  5458 | D:6      | Noticed Eustachio
  5484 | D:6      | Killed Eustachio
  5485 | D:6      | Reached skill level 10 in Axes
  5660 | D:6      | Bought a +0 buckler for 54 gold pieces
  5980 | D:7      | Reached **** piety under Trog
  6207 | D:7      | Found a hide-covered altar of Uskayaw.
  6216 | D:7      | Reached skill level 11 in Axes
  6435 | D:7      | Found a runed translucent gate.
  6435 | D:7      | Found a runed translucent gate.
  6437 | D:7      | Found a runed translucent gate.
  6440 | D:7      | Noticed kingsuperguy's ghost (novice MiBe)
  6440 | D:7      | Noticed trigross's ghost (novice HOFi)
  6461 | D:7      | Killed trigross's ghost
  6462 | D:7      | Reached XP level 10. HP: 44/90 MP: 9/9
  6465 | D:7      | Killed kingsuperguy's ghost
  7015 | D:8      | Noticed Erica
  7032 | D:8      | Killed Erica
  7033 | D:8      | Reached skill level 12 in Axes
  7185 | D:8      | Noticed a white ugly thing
  7194 | D:8      | Killed a white ugly thing
  7487 | D:8      | Noticed Maurice
  7501 | D:8      | Killed Maurice
  8120 | D:9      | Found a shimmering altar of Xom.
  8206 | D:9      | Reached ***** piety under Trog
  8207 | D:9      | Reached skill level 13 in Axes
  8497 | D:9      | Reached XP level 11. HP: 93/99 MP: 10/10
  8837 | D:10     | Entered Level 10 of the Dungeon
  8929 | D:10     | Noticed a two-headed ogre
  8944 | D:10     | Killed a two-headed ogre
  8945 | D:10     | Reached skill level 10 in Fighting
  9385 | D:10     | Found a broken altar of Ashenzari.
  9690 | D:10     | Found a stormy altar of Qazlal.
  9872 | D:10     | Reached skill level 10 in Armour
 10029 | D:10     | Found a white marble altar of Elyvilon.
 10312 | D:11     | Reached skill level 14 in Axes
 10819 | D:11     | Found a staircase to the Lair.
 11011 | D:11     | Found a staircase to the Orcish Mines.
 11038 | Orc:1    | Entered Level 1 of the Orcish Mines
 11270 | D:11     | Reached skill level 10 in Shields
 11300 | D:11     | Noticed an eight-headed hydra
 11306 | D:11     | Killed an eight-headed hydra
 11649 | D:12     | Received a gift from Trog
 11834 | D:12     | Noticed Gastronok
 11846 | D:12     | Killed Gastronok
 11847 | D:12     | Reached skill level 15 in Axes
 12128 | D:12     | Noticed a six-headed hydra
 12149 | D:12     | Killed a seven-headed hydra
 12150 | D:12     | Reached XP level 12. HP: 66/110 MP: 11/11
 12978 | D:13     | Noticed a boulder beetle
 12978 | D:13     | Found a runed translucent gate.
 12978 | D:13     | Found a runed translucent gate.
 12978 | D:13     | Found a runed translucent gate.
 12978 | D:13     | Found an opulent altar of Gozag.
 12993 | D:13     | Noticed a centaur warrior
 13000 | D:13     | Killed a centaur warrior
 13156 | D:13     | Noticed a centaur warrior
 13166 | D:13     | Killed a centaur warrior
 13166 | D:13     | Noticed a boulder beetle
 13175 | D:13     | Killed a boulder beetle
 13723 | D:13     | Noticed a centaur warrior
 13730 | D:13     | Killed a centaur warrior
 13884 | D:13     | Noticed an iron dragon
 13885 | D:13     | Found Looqi's Assorted Antiques.
 13886 | D:13     | Noticed gdog's ghost (journeyman GnDe)
 13887 | D:13     | Noticed a yaktaur captain
 13911 | D:13     | Found a gate to the Vaults.
 13911 | D:13     | Noticed a vault guard
 13911 | D:13     | Noticed a vault guard
 13911 | D:13     | Noticed a vault guard
 13911 | D:13     | Noticed a vault guard
 13924 | D:13     | Killed a vault guard
 13925 | D:13     | Reached skill level 16 in Axes
 13926 | D:13     | Killed a vault guard
 13926 | D:13     | Killed a vault guard
 13931 | D:13     | Killed a vault guard
 13933 | D:13     | Noticed a vault guard
 13950 | D:13     | Killed a vault guard
 13958 | D:13     | Identified the ring of Sodoabio {Fire rN+ Dex+6}
 13966 | D:13     | Noticed a vault guard
 13976 | D:13     | Killed a vault guard
 13989 | D:13     | Noticed a vault guard
 14001 | D:13     | Killed a vault guard
 14019 | D:13     | Noticed a vault guard
 14032 | D:13     | Killed a vault guard
 14472 | D:13     | Killed an iron dragon
 14473 | D:13     | Reached XP level 13. HP: 119/119 MP: 12/12
 14474 | D:13     | Killed gdog's ghost
 14481 | D:13     | Reached skill level 17 in Axes
 14570 | D:13     | Bought a twisted steel amulet for 150 gold pieces
 14720 | Lair:1   | Entered Level 1 of the Lair of Beasts
 14739 | Lair:1   | Noticed Maggie
 14748 | Lair:1   | Killed Maggie
 14801 | Lair:1   | Noticed Nergalle
 14808 | Lair:1   | Killed Nergalle
 14839 | Lair:1   | HP: 8/178 [11-headed hydra (4)]
 14839 | Lair:1   | Slain by an 11-headed hydra

Illustrated notes

Levels and vault maps discovered:
D:1:      dpeg_arrival_fog, layout_rooms, serial_shops,
          nicolae_shop_advertising_works [nicolae_subvault_shop_adworks],
          shapermc_ecumenical_altar_totnotflames
D:2:      layout_basic, uniq_sigmund
D:3:      layout_rooms, vehumet_altar_wand_db, uniq_ijyb, uniq_grinder,
          uniq_crazy_yiuf_cottage
D:4:      layout_cave_pools, kennysheep_slug_shrine, gup_sewer_entry_bowl,
          serial_glass, glass_columns_a, glass_columns_b, feat_on_display,
          feat_on_display, minmay_strange_pillars, item_on_display_a
D:5:      layout_gridville, lemuel_tele_altar,
          minmay_temple_entry_statues_pillars
D:6:      layout_rooms, nicolae_stop_n_shop_1, minmay_misc_feat_rows,
          uniq_eustachio, uniq_pikel
D:7:      layout_cave_pods, serial_demonic, serial_demonic_a, serial_demonic_e,
          serial_demonic_g, serial_demonic_f, serial_demonic_e,
          serial_demonic_f, serial_demonic_b, serial_demonic_a,
          serial_demonic_a, serial_demonic_b, gammafunk_ghost_cemetery,
          st_stairs_12, hangedman_abyss_or_decor_lesser_grid,
          minmay_ruined_shrine
D:8:      layout_loops_ring, uniq_erica, uniq_maurice
D:9:      layout_loops_ring, dk_xom_monty_hall, lightli_orcish_oven
D:10:     layout_basic, mainiacjoe_overflow_brackets,
          mainiacjoe_overflow_cross_hatched, elyvilon_altar_4
D:11:     hellmonk_crumbling_castle, layout_irregular_city, david_lair_shrubbed
D:12:     layout_basic, grunt_decor_resistance, drop_trap, uniq_gastronok
D:13:     layout_irregular_city, erik_vaults_2, ebering_ghost_gozag
D:14:     minmay_polygon_palace, layout_irregular_city, serial_ice,
          serial_ice_d, serial_ice_i, serial_ice_g, serial_ice_o,
          portal_ice_cave_entry_dragon, hangedman_decor_lopped
Lair:1:   layout_long_grid, grunt_megastairs_3, infiniplex_staircase_pool_2,
          serial_bayou_shore_a, uniq_nergalle, uniq_maggie
Orc:1:    layout_caves, gammafunk_ghost_arena

Skill      XL: |  1  2  3  4  5  6  7  8  9 10 11 12 13 |
---------------+----------------------------------------+-----
Axes           | 4 5 6 7 9 11 13 15 16 17 | 17.2
Shields        | 1 2 3 4 6 7 9 10 11 12 | 12.1
Fighting       | 4 5 6 7 8 9 11 12 | 12.8
Armour         | 3 4 5 6 8 9 10 12 | 12.5
Dodging        | |  2.1

Action                   |  1- 3 |  4- 6 |  7- 9 | 10-12 | 13-15 || total
-------------------------+-------+-------+-------+-------+-------++-------
Melee: Hand axe          |    59 |    49 |       |       |       ||   108
       Headbutt          |     5 |     8 |    48 |    74 |    10 ||   145
       War axe           |       |    17 |   332 |   280 |       ||   629
       Punch             |       |     1 |     2 |       |       ||     3
       Broad axe         |       |       |       |   132 |    33 ||   165
       Unarmed           |       |       |       |       |     2 ||     2
Invok: Berserk           |     1 |     2 |     2 |     7 |     1 ||    13
Evoke: Wand              |       |       |       |    12 |       ||    12
  Use: Scroll            |       |       |    18 |     8 |     2 ||    28
       Potion            |       |       |     4 |     1 |     4 ||     9
Armor: Ring mail         |     9 |       |       |       |       ||     9
       Plate armour      |    26 |    45 |   226 |   334 |    32 ||   663
       Skin              |       |       |       |       |    70 ||    70
Dodge: Dodged            |    18 |    17 |   115 |   143 |    28 ||   321
Block: Buckler           |       |       |    23 |   150 |    35 ||   208
